 Dungeon Crawl Stone Soup version 0.29-a0-821-g66395355a5 (webtiles) character file.

Game seed: 13002883819701241814

7175 Brotato the Covert (level 11, -7/86 HPs)
             Began as a Gnoll Brigand on July 7, 2022.
             Was an Initiate of Gozag.
             Mangled by a two-headed ogre
             ... wielding a +0 giant club
              (18 damage)
             ... on level 10 of the Dungeon.
             The game lasted 00:28:42 (11370 turns).

Brotato the Covert (Gnoll Brigand)                 Turns: 11370, Time: 00:28:43

Health: -7/86      AC: 12    Str:  7    XL:     11   Next: 11%
Magic:  20/20      EV: 15    Int: 15    God:    Gozag
Gold:   504        SH:  0    Dex: 18    Spells: 22/22 levels left

rFire   . . .      SeeInvis +   Q - +4 rapier "Imecs" {vorpal, +Blink Str-3 Int+4 SInv}
rCold   . . .      Faith    .   (no shield)
rNeg    . . .      Spirit   .   W - +1 leather armour "Fuhuiperch" {Stlth+}
rPois   .          Reflect  .   (no helmet)
rElec   .          Harm     .   k - +0 cloak
rCorr   .          Rampage  .   z - +1 pair of gloves
Will    .....                   (no boots)
Stlth   +++.......              (no amulet)
HPRegen 0.24/turn               r - ring of flight
MPRegen 0.17/turn               y - +4 ring of protection

@: confused, ambrosia-drunk, flying
A: fangs 1, strong nose, distributed training
a: Renounce Religion, Evoke Blink, Potion Petition, Call Merchant, Bribe Branch


You were on level 10 of the Dungeon.
You worshipped Gozag.
Gozag was pleased with you.
You visited 2 branches of the dungeon, and saw 11 of its levels.

You collected 1384 gold pieces.
You spent 752 gold pieces at shops.
You paid 128 gold pieces to Gozag.

Inventory:

Hand Weapons
 a - a +2 dagger
 E - a +2 dagger of electrocution
 Q - the +4 rapier "Imecs" (weapon) {vorpal, +Blink Str-3 Int+4 SInv}
   (You bought it in a shop on level 3 of the Dungeon)

   It inflicts extra damage upon your enemies.
   Str:       It affects your strength (-3).
   Int:       It affects your intelligence (+4).
   SInv:      It lets you see invisible.
   +Blink:    It lets you blink.
Missiles
 d - 4 poisoned darts (quivered)
 J - 6 datura-tipped darts
Armour
 k - a +0 cloak (worn)
 z - a +1 pair of gloves (worn)
 W - the +1 leather armour "Fuhuiperch" (worn) {Stlth+}
   (You took it off an orc wizard on level 9 of the Dungeon)

   Stlth:     It makes you more stealthy.
Jewellery
 j - a +6 ring of strength
 m - a ring of willpower
 r - a ring of flight (left hand)
 u - a +6 ring of dexterity
 x - a ring of willpower
 y - a +4 ring of protection (right hand)
Wands
 g - a wand of roots (4)
 t - a wand of acid (6)
 v - a wand of digging (8)
 C - a wand of mindburst (16)
 U - a wand of charming (5)
Scrolls
 b - a scroll of summoning {unknown}
 f - 2 scrolls of fog {unknown}
 p - 2 scrolls of amnesia {unknown}
 q - 3 scrolls of brand weapon {unknown}
 s - 3 scrolls of fear {unknown}
 A - a scroll of magic mapping {unknown}
 D - 11 scrolls of identify {unknown}
 G - 3 scrolls of blinking {unknown}
 L - a scroll of noise {unknown}
 M - 3 scrolls of vulnerability {unknown}
 O - 3 scrolls of immolation {unknown}
 P - a scroll of poison {unknown}
 R - a scroll of enchant armour {unknown}
 S - a scroll of torment {unknown}
 T - 3 scrolls of teleportation {unknown}
 V - a scroll of enchant weapon {unknown}
Potions
 h - 2 potions of lignification {unknown}
 i - 3 potions of mutation {unknown}
 l - a potion of might
 n - 2 potions of ambrosia
 w - 3 potions of berserk rage
 B - 2 potions of attraction {unknown}
 F - 2 potions of resistance {unknown}
 H - 4 potions of degeneration {unknown}
 I - 2 potions of brilliance {unknown}
 K - a potion of flight {unknown}
 N - 3 potions of cancellation
Miscellaneous
 c - a phial of floods


   Skills:
 + Level 7.8 Fighting
 + Level 7.8 Short Blades
 + Level 6.2 Long Blades
 + Level 6.2 Axes
 + Level 6.2 Maces & Flails
 + Level 6.2 Polearms
 + Level 6.2 Staves
 + Level 6.2 Ranged Weapons
 + Level 7.8 Throwing
 + Level 6.2 Armour
 + Level 6.8 Dodging
 + Level 10.0 Stealth
 + Level 6.2 Shields
 + Level 6.2 Unarmed Combat
 + Level 6.2 Spellcasting
 + Level 5.1 Conjurations
 + Level 5.1 Hexes
 + Level 5.1 Summonings
 + Level 5.1 Necromancy
 + Level 5.1 Translocations
 + Level 5.1 Transmutations
 + Level 5.1 Fire Magic
 + Level 5.1 Ice Magic
 + Level 5.1 Air Magic
 + Level 5.1 Earth Magic
 + Level 5.1 Poison Magic
 + Level 6.8 Invocations
 + Level 6.2 Evocations


You had 22 spell levels left.
You didn't know any spells.
Your spell library contained the following spells:

 Spells                   Type           Power      Damage    Failure   Level
 Apportation              Tloc           40%        N/A       2%          1
 Magic Dart               Conj           80%        1d7       2%          1
 Necrotise                Necr           80%        1d8       2%          1
 Shock                    Conj/Air       80%        1d8       2%          1
 Summon Small Mammal      Summ           80%        N/A       2%          1
 Call Imp                 Summ           20%        N/A       3%          2
 Ensorcelled Hibernation  Hex/Ice        40%        N/A       3%          2
 Passwall                 Tmut/Erth      16%        N/A       3%          2
 Ignite Poison            Fire/Tmut/Pois 20%        N/A       8%          3
 Mephitic Cloud           Conj/Pois/Air  20%        N/A       8%          3
 Ozocubu's Armour         Ice            20%        N/A       8%          3
 Spider Form              Tmut/Pois      20%        N/A       8%          3
 Swiftness                Air            20%        N/A       8%          3
 Tukima's Dance           Hex            20%        N/A       8%          3
 Airstrike                Air            10%        0-4+      24%         4
 Anguish                  Hex/Necr       10%        N/A       24%         4
 Passage of Golubria      Tloc           20%        N/A       24%         4
 Freezing Cloud           Conj/Ice/Air   10%        6-21      56%         5
 Yara's Violent Unravell  Hex/Tmut       10%        3d6       56%         5
 Ozocubu's Refrigeration  Ice            10%        4d7       100%        7


Dungeon Overview and Level Annotations

Branches:
Dungeon (10/15)            Temple (1/1) D:5
   Lair: D:8-11         Orc: D:9-12

Altars:
Ashenzari
Cheibriados
Dithmenos
Elyvilon
Fedhas
Gozag
Hepliaklqana
Kikubaaqudgha
Makhleb
Nemelex Xobeh
Okawaru
Qazlal
Ru
Sif Muna
Trog
Uskayaw
Vehumet
Wu Jian
Yredelemnul
Zin
The Shining One
Jiyva

Shops:
D:3 [(([   D:4 =   D:10 !

Annotations:
D:2 1 runed translucent door, exclusion: door, Crazy Yiuf


Innate Abilities, Weirdness & Mutations

You have very sharp teeth.
Your uncanny sense of smell can sniff out nearby items.
Your experience applies equally to all skills.


Message History

Aim: a two-headed ogre, wielding two +0 giant clubs (79% to hit, chance to blind on hit: 48%)
You throw an atropa-tipped dart.
The atropa-tipped dart closely misses the two-headed ogre.
The two-headed ogre closely misses you. The two-headed ogre misses you.
Throw: 2 darts (atropa)
Press: ? - help, Q - select action, (/) - cycle Shift-Dir - straight line, f/p - two-headed ogre
Aim: a two-headed ogre, wielding two +0 giant clubs (79% to hit, chance to blind on hit: 51%)
You throw an atropa-tipped dart.
The atropa-tipped dart hits the two-headed ogre.
The two-headed ogre resists.
Throw: dart (atropa)
Press: ? - help, Q - select action, (/) - cycle Shift-Dir - straight line, f/p - two-headed ogre
Aim: a two-headed ogre, wielding two +0 giant clubs (79% to hit, chance to blind on hit: 51%)
You throw an atropa-tipped dart.
The atropa-tipped dart hits the two-headed ogre!
The two-headed ogre resists.
You barely miss the two-headed ogre.
You punch the two-headed ogre, but do no damage.
The two-headed ogre hits you with a +0 giant club.
The two-headed ogre hits you with a +0 giant club!!
The two-headed ogre attacks as you move away!
The two-headed ogre hits you with a +0 giant club!
The two-headed ogre misses you. The orc attacks as you move away!
The orc hits you with a +0 falchion.
You barely miss the orc. The orc closely misses you.
The two-headed ogre attacks as you move away!
The two-headed ogre hits you but does no damage.
The two-headed ogre completely misses you.
The orc attacks as you move away! The orc barely misses you.
A wight comes into view. It is wielding a +2 great sword.
The orc misses you.
The two-headed ogre hits you with a +0 giant club!!!
* * * LOW HITPOINT WARNING * * *
The two-headed ogre barely misses you.
You are confused.
You feel invigorated. The orc barely misses you.
You're too confused to move!
The two-headed ogre hits you with a +0 giant club!!
You die...
Your body crumbles into a pile of gold.

........[.. .. #...♣.....
..........# ##z#.8♣....
..........# ...##♣..[..
.........# ............
(.....(..## ..((.#.......
..........####........$(...
>.#................(....♣♣(
. #.##..##Oo.............♣.
.. ##.#....@.......(.#......
#..#........##.....( #.##...
#.......#........$.. .......
#...#..<#...............#...
#...............z.....#####
##...................
...........##...#.##
##.................
#.................


You could see a two-headed ogre and an orc.

Vanquished Creatures
  Snorg (D:9)
  2 trolls
  A hornet (D:9)
  Sigmund (D:6)
  2 wyverns
  A wraith (D:9)
  Eustachio (D:4)
  7 yaks
  2 steam dragons
  A water moccasin (D:8)
  2 sky beasts
  6 orc warriors
  An ice beast (D:6)
  A black bear (D:7)
  2 ogres
  2 centaurs
  2 kobold brigands (D:8)
  A gnoll sergeant (D:7)
  A necrophage (D:6)
  4 bullfrogs
  5 scorpions
  4 wights (D:9)
  9 killer bees (D:9)
  A howler monkey (D:5)
  3 jellies
  A lava snake (D:8)
  5 orc priests
  5 hounds
  2 gnoll boudas
  5 orc wizards
  7 iguanas
  Terence (D:2)
  10 adders
  13 gnolls
  A shadow imp (D:6)
  3 white imps
  An ufetubus (D:4)
  2 worms (D:2)
  A dart slug (D:3)
  14 orcs
  7 ball pythons
  3 endoplasms
  5 giant cockroaches
  11 goblins
  10 hobgoblins
  4 jackals
  15 kobolds
  2 quokkas
  5 bats
  A frilled lizard (D:2)
  9 rats
206 creatures vanquished.

Vanquished Creatures (others)
  9 fungi
  3 plants (D:8)
12 creatures vanquished.

Grand Total: 218 creatures vanquished

Notes
Turn   | Place    | Note
-------+----------+-------------------------------------------
     0 | D:1      | Brotato the Gnoll Brigand began the quest for the Orb.
     0 | D:1      | Reached XP level 1. HP: 20/20 MP: 1/1
   236 | D:1      | Reached XP level 2. HP: 26/26 MP: 2/2
   793 | D:2      | Reached XP level 3. HP: 31/31 MP: 2/4
   808 | D:2      | Reached skill level 1 in Invocations
   955 | D:2      | Found a faded altar of an unknown god.
  1031 | D:2      | Reached skill level 1 in Long Blades
  1031 | D:2      | Reached skill level 1 in Axes
  1031 | D:2      | Reached skill level 1 in Maces & Flails
  1031 | D:2      | Reached skill level 1 in Polearms
  1031 | D:2      | Reached skill level 1 in Staves
  1031 | D:2      | Reached skill level 1 in Ranged Weapons
  1031 | D:2      | Reached skill level 1 in Armour
  1031 | D:2      | Reached skill level 1 in Shields
  1031 | D:2      | Reached skill level 1 in Unarmed Combat
  1031 | D:2      | Reached skill level 1 in Spellcasting
  1031 | D:2      | Reached skill level 1 in Evocations
  1083 | D:2      | Reached XP level 4. HP: 14/38 MP: 5/5
  1105 | D:2      | Reached skill level 1 in Conjurations
  1105 | D:2      | Reached skill level 1 in Hexes
  1105 | D:2      | Reached skill level 1 in Summonings
  1105 | D:2      | Reached skill level 1 in Necromancy
  1105 | D:2      | Reached skill level 1 in Translocations
  1105 | D:2      | Reached skill level 1 in Transmutations
  1105 | D:2      | Reached skill level 1 in Fire Magic
  1105 | D:2      | Reached skill level 1 in Ice Magic
  1105 | D:2      | Reached skill level 1 in Air Magic
  1105 | D:2      | Reached skill level 1 in Earth Magic
  1105 | D:2      | Reached skill level 1 in Poison Magic
  1117 | D:2      | Noticed Terence
  1123 | D:2      | Killed Terence
  1213 | D:2      | Found a runed translucent door.
  1214 | D:2      | Noticed Crazy Yiuf
  1548 | D:3      | Found Muboulas's Antique Armour Boutique.
  1560 | D:3      | Reached XP level 5. HP: 43/43 MP: 7/7
  1667 | D:3      | Found Poza's Antique Weapon Emporium.
  1678 | D:3      | Found Qodimori's Antique Weapon Shop.
  1683 | D:3      | Found Xuavyut's Armour Emporium.
  2190 | D:4      | Reached skill level 8 in Stealth
  2304 | D:4      | Reached skill level 5 in Fighting
  2304 | D:4      | Reached skill level 5 in Short Blades
  2304 | D:4      | Reached skill level 5 in Throwing
  2304 | D:4      | Reached XP level 6. HP: 36/51 MP: 8/8
  2588 | D:4      | Noticed Eustachio
  2604 | D:4      | Killed Eustachio
  2605 | D:4      | Reached XP level 7. HP: 56/56 MP: 10/10
  2630 | D:4      | Found Qoriget's One-of-a-Kind Rings.
  2842 | D:4      | Found a shimmering blue altar of Sif Muna.
  2943 | D:5      | Entered Level 5 of the Dungeon
  2962 | D:5      | Found an iron altar of Okawaru.
  3071 | D:5      | Found a staircase to the Ecumenical Temple.
  3094 | Temple   | Entered the Ecumenical Temple
  3316 | D:5      | Reached XP level 8. HP: 50/63 MP: 12/12
  4209 | D:5      | Found a basalt altar of Yredelemnul.
  4568 | D:6      | Found an opulent altar of Gozag.
  4575 | D:6      | Became a worshipper of Gozag Ym Sagoz the Greedy
  4734 | D:3      | Bought a slimy rapier for 234 gold pieces
  4734 | D:3      | Identified the +4 rapier "Imecs" {vorpal, +Blink Str-3
                  | Int+4 SInv} (You bought it in a shop on level 3 of the
                  | Dungeon)
  4909 | D:6      | Noticed Sigmund
  4916 | D:6      | Killed Sigmund
  4917 | D:6      | Reached XP level 9. HP: 69/69 MP: 14/14
  5597 | D:6      | Reached skill level 5 in Dodging
  6078 | D:7      | Reached skill level 9 in Stealth
  6308 | D:3      | Bought an encrusted leather armour for 168 gold pieces
  6308 | D:3      | Identified the +0 leather armour of the Constellations {rF-
                  | rCorr Str-5 Int+8} (You bought it in a shop on level 3 of
                  | the Dungeon)
  6741 | D:7      | Found a radiant altar of Vehumet.
  7215 | D:8      | Found a hide-covered altar of Uskayaw.
  7224 | D:8      | Reached skill level 5 in Invocations
  7391 | D:8      | Found a glowing silver altar of Zin.
  7536 | D:8      | HP: 3/71 [orc warrior/+0 trident (12)]
  8291 | D:8      | Found a sacrificial altar of Ru.
  8494 | D:9      | Found a sparkling altar of Nemelex Xobeh.
  8521 | D:9      | Reached skill level 5 in Long Blades
  8521 | D:9      | Reached skill level 5 in Axes
  8521 | D:9      | Reached skill level 5 in Maces & Flails
  8521 | D:9      | Reached skill level 5 in Polearms
  8521 | D:9      | Reached skill level 5 in Staves
  8521 | D:9      | Reached skill level 5 in Ranged Weapons
  8521 | D:9      | Reached skill level 5 in Armour
  8521 | D:9      | Reached skill level 5 in Shields
  8521 | D:9      | Reached skill level 5 in Unarmed Combat
  8521 | D:9      | Reached skill level 5 in Spellcasting
  8521 | D:9      | Reached skill level 5 in Evocations
  8521 | D:9      | Reached XP level 10. HP: 44/77 MP: 17/17
  9778 | D:9      | Identified the +1 leather armour "Fuhuiperch" {Stlth+}
 10083 | D:9      | Found a burning altar of Makhleb.
 10528 | D:10     | Entered Level 10 of the Dungeon
 10893 | D:10     | Found Rauna's Distillery.
 10914 | D:10     | Bought a potion of berserk rage for 70 gold pieces
 10914 | D:10     | Bought a potion of might for 56 gold pieces
 10914 | D:10     | Bought a potion of cancellation for 112 gold pieces
 10914 | D:10     | Bought a potion of ambrosia for 112 gold pieces
 10967 | D:10     | Reached skill level 5 in Conjurations
 10967 | D:10     | Reached skill level 5 in Hexes
 10967 | D:10     | Reached skill level 5 in Summonings
 10967 | D:10     | Reached skill level 5 in Necromancy
 10967 | D:10     | Reached skill level 5 in Translocations
 10967 | D:10     | Reached skill level 5 in Transmutations
 10967 | D:10     | Reached skill level 5 in Fire Magic
 10967 | D:10     | Reached skill level 5 in Ice Magic
 10967 | D:10     | Reached skill level 5 in Air Magic
 10967 | D:10     | Reached skill level 5 in Earth Magic
 10967 | D:10     | Reached skill level 5 in Poison Magic
 11030 | D:10     | Noticed Snorg
 11065 | D:10     | Reached XP level 11. HP: 83/85 MP: 20/20
 11104 | D:9      | Killed Snorg
 11105 | D:9      | Reached skill level 10 in Stealth
 11352 | D:10     | Noticed a two-headed ogre
 11368 | D:10     | HP: 3/86 [two-headed ogre/+0 giant club (36)]
 11370 | D:10     | Mangled by a two-headed ogre

Illustrated notes

Levels and vault maps discovered:
D:1:      dpeg_arrival_ratfight, layout_loops_ring, minmay_tetromino_o2
D:2:      layout_rooms, shapermc_ecumenical_altar_notcrosses,
          uniq_crazy_yiuf_cottage, uniq_terence
D:3:      layout_loops_ring, serial_shops, shop, shop,
          nicolae_shop_temple_entry_statues_fountains,
          nicolae_shop_advertising_works [nicolae_subvault_shop_adworks]
D:4:      minmay_skewed_foursquare, layout_gridville,
          nicolae_sif_muna_little_library, nicolae_shop_unique_rings,
          uniq_eustachio
D:5:      layout_loops_ring, lemuel_round_altar, okawaru_altar_gauntlet_db,
          minmay_temple_entry_glass, minmay_between
D:6:      layout_basic, nicolae_overflow_crystal_walls, uniq_sigmund
D:7:      layout_cave_pools, vehumet_crystals
D:8:      layout_loops_ring, nicolae_ru_the_path_less_chosen,
          nicolae_uskayaw_suspiria, mainiacjoe_overflow_six_doors_small
D:9:      nicolae_cairo_tiling_very_big, layout_rooms,
          mainiacjoe_overflow_alcove_4, nemelex_xobeh_ov_fountains_minmay
D:10:     layout_cave_pools, led_xom_imps, kennysheep_decorative_pillar,
          nicolae_stop_n_shop_1, uniq_snorg
Temple:   pf_slime_end_temple

Skill      XL: |  1  2  3  4  5  6  7  8  9 10 11 |
---------------+----------------------------------+-----
Invocations    | 1 2 3 4 5 6 |  6.8
Long Blades    | 1 2 3 5 6 |  6.2
Axes           | 1 2 3 5 6 |  6.2
Maces & Flails | 1 2 3 5 6 |  6.2
Polearms       | 1 2 3 5 6 |  6.2
Staves         | 1 2 3 5 6 |  6.2
Ranged Weapons | 1 2 3 5 6 |  6.2
Armour         | 1 2 3 5 6 |  6.2
Shields        | 1 2 3 5 6 |  6.2
Unarmed Combat | 1 2 3 5 6 |  6.2
Spellcasting   | 1 2 3 5 6 |  6.2
Evocations     | 1 2 3 5 6 |  6.2
Conjurations   | 1 2 3 4 5 |  5.1
Hexes          | 1 2 3 4 5 |  5.1
Summonings     | 1 2 3 4 5 |  5.1
Necromancy     | 1 2 3 4 5 |  5.1
Translocations | 1 2 3 4 5 |  5.1
Transmutations | 1 2 3 4 5 |  5.1
Fire Magic     | 1 2 3 4 5 |  5.1
Ice Magic      | 1 2 3 4 5 |  5.1
Air Magic      | 1 2 3 4 5 |  5.1
Earth Magic    | 1 2 3 4 5 |  5.1
Poison Magic   | 1 2 3 4 5 |  5.1
Dodging        | 3 4 5 6 |  6.8
Stealth        | 8 9 10 | 10.0
Fighting       | 5 6 7 |  7.8
Short Blades   | 5 6 7 |  7.8
Throwing       | 5 6 7 |  7.8

Action                   |  1- 3 |  4- 6 |  7- 9 | 10-12 || total
-------------------------+-------+-------+-------+-------++-------
Melee: Dagger            |    63 |   113 |   140 |       ||   316
       Bite              |     5 |    11 |    47 |    25 ||    88
       Punch             |     1 |       |     8 |     7 ||    16
       Rapier            |       |       |   172 |   130 ||   302
Throw: Dart              |       |     9 |    18 |    70 ||    97
Evoke: Wand              |       |       |       |     7 ||     7
  Use: Potion            |       |     3 |     5 |     4 ||    12
 Stab: Sleeping          |    11 |     8 |    17 |     1 ||    37
       Distracted        |       |     1 |     2 |     2 ||     5
Armor: Robe              |     2 |       |       |       ||     2
       Leather armour    |     7 |    64 |    90 |    63 ||   224
Dodge: Dodged            |    24 |    72 |   205 |   133 ||   434

Table legend: (Time is in decaauts)
 A = Elapsed time spent in this place.
 B = Non-inter-level travel time spent in this place.
 C = Inter-level travel time spent in this place.
 D = Time resting spent in this place.
 E = Time spent auto-exploring this place.
 F = Levels seen in this place.
 G = Mean time per level.
                   A        B        C        D        E       F      G
               +--------+--------+--------+--------+--------+-----+--------+
         Total |  11198 |  10558 |    640 |   2616 |   5843 |  11 | 1018.0 |
       Dungeon |  11057 |  10432 |    625 |   2616 |   5729 |  10 | 1105.7 |
        Temple |    141 |    126 |     15 |      0 |    114 |   1 |  141.0 |
               +--------+--------+--------+--------+--------+-----+--------+

Top non-repeatable levels by time:
     D:9: 1925 daAuts
     D:8: 1477 daAuts
     D:6: 1429 daAuts
     D:7: 1259 daAuts
     D:4: 1219 daAuts
     D:5: 1186 daAuts
     D:3: 779 daAuts
     D:1: 743 daAuts
     D:2: 685 daAuts
    D:10: 351 daAuts
  Temple: 141 daAuts
